 Dungeon Crawl Stone Soup version 0.27-a0-1202-ge72e49191c (webtiles) character file.

Game seed: 10930052233283744963

123580 Hasart the Eclecticist (level 17, -4/112 HPs)
             Began as a Djinni Conjurer on June 3, 2021.
             Was the Champion of Makhleb.
             Slain by a spatial maelstrom (6 damage)
             ... on level 3 of the Abyss.
             The game lasted 01:49:57 (29059 turns).

Hasart the Eclecticist (Djinni Conjurer)           Turns: 29059, Time: 01:49:58

Health: -4/112     AC: 13    Str: 14    XL:     17   Next: 45%
Gold:   2275       EV: 14    Int: 27    God:    Makhleb [******] SH:  0 Dex: 12

rFire    + + .     SeeInvis +   O - +11 spear of Yesterday {venom, rN+ Str+5}
rCold    x . .     Faith    .   x - +2 kite shield
rNeg     + . .     Spirit   .   o - +0 troll leather armour
rPois    ∞         Reflect  +   c - +2 hat
rElec    .         Harm     .   K - +0 cloak {Will+}
rCorr    .         Rampage  .   T - +1 pair of gloves {Str+3}
Will     ++...                  (boots unavailable)
Stlth    +.........             A - amulet of reflection
HPRegen  1.28/turn              B - ring of see invisible
MPRegen  0.00/turn              h - +4 ring of protection

@: confused, flying
A: sickness immunity, fire resistance 2, cold vulnerability 1, float, innate
caster, hp casting, extra vitality 1, [no potion heal 2]
a: Renounce Religion, Minor Destruction, Lesser Servant of Makhleb, Major
Destruction, Greater Servant of Makhleb


You were on level 3 of the Abyss.
You worshipped Makhleb.
Makhleb was exalted by your worship.
You visited 4 branches of the dungeon, and saw 24 of its levels.
You visited the Abyss 1 time.
You also visited: Gauntlet and Ice Cave.

You collected 2893 gold pieces.
You spent 618 gold pieces at shops.

Inventory:

Hand Weapons
 O - the +11 spear of Yesterday (weapon) {venom, rN+ Str+5}
   (You bought it in a shop on level 2 of the Orcish Mines)

   It poisons the flesh of those it strikes.
   It affects your strength (+5).
   It protects you from negative energy.
Missiles
 j - 13 silver javelins
 n - 5 throwing nets
Armour
 c - a +2 hat (worn)
 m - the +0 hat "Ajojoasos" {rElec rC- Stlth+}
   (You found it in a Gauntlet)

   It makes you vulnerable to cold.
   It insulates you from electricity.
   It makes you more stealthy.
 o - a +0 troll leather armour (worn)
 x - a +2 kite shield (worn)
 y - a +2 robe of resistance
 C - a +2 robe of the Archmagi
 K - a +0 cloak of willpower (worn)
 M - a +2 buckler of cold resistance
 T - a +1 pair of gloves of strength (worn)
Magical Staves
 q - a staff of air
 z - a staff of fire
Jewellery
 h - a +4 ring of protection (right hand)
 i - a ring of wizardry
 A - an amulet of reflection (around neck)
 B - a ring of see invisible (left hand)
 E - a ring of ice
 G - a ring of positive energy
 P - a ring of resist corrosion
Wands
 f - a wand of digging (19)
 k - a wand of acid (38)
 w - a wand of paralysis (10)
 I - a wand of iceblast (24)
Scrolls
 a - 9 scrolls of enchant armour
 d - 19 scrolls of identify
 e - 2 scrolls of teleportation
 g - a scroll of enchant weapon
 s - 3 scrolls of fear
 D - a scroll of magic mapping
 L - a scroll of summoning
 N - 3 scrolls of blinking
Potions
 b - 2 potions of magic {unknown}
 l - 4 potions of heal wounds
 p - 3 potions of brilliance {unknown}
 r - a potion of cancellation {unknown}
 t - 5 potions of lignification {unknown}
 u - 3 potions of haste
 v - 3 potions of berserk rage {unknown}
 F - a potion of mutation {unknown}
 H - a potion of resistance {unknown}
 J - 8 potions of curing
 Q - a potion of invisibility {unknown}
 R - 2 potions of might {unknown}


   Skills:
 - Level 7.0 Fighting
 - Level 5.0 Maces & Flails
 - Level 5.0 Polearms
 - Level 7.0 Dodging
 - Level 1.5 Stealth
 - Level 15.0 Shields
 * Level 16.9 Spellcasting


You had 3 spell levels left.
You knew the following spells:

 Your Spells              Type           Power      Damage    Failure   Level
a - Magic Dart            Conj           100%       1d8       0%          1
b - Searing Ray           Conj           100%       3d7       0%          2
c - Dazzling Flash        Conj/Hex       100%       N/A       0%          3
d - Fulminant Prism       Conj/Hex       42%        3d20      1%          4
e - Iskenderun's Mystic   Conj/Tloc      85%        2d17      1%          4
f - Animate Skeleton      Necr           100%       N/A       0%          1
g - Summon Guardian Gole  Hex/Summ       85%        N/A       0%          3
h - Manifold Assault      Tloc           85%        N/A       1%          5
i - Death Channel         Necr           42%        N/A       1%          6
q - Swiftness             Air            85%        N/A       0%          3
s - Poisonous Vapours     Pois/Air       100%       N/A       0%          2
x - Ozocubu's Refrigerat  Ice            42%        4d13      2%          7
z - Fireball              Conj/Fire      42%        3d17      1%          5
Your spell library was empty.

Dungeon Overview and Level Annotations

Branches:
Dungeon (15/15)            Temple (1/1) D:4            Lair (6/6) D:8
 Shoals (0/4) Lair:4        Snake (0/4) Lair:4        Slime (0/5) Lair:6
    Orc (2/2) D:12            Elf (0/3) Orc:2        Vaults (0/5) D:13
  IceCv (visited)         Gauntlet (visited)
 Depths: D:15

Altars:
Ashenzari
Cheibriados
Dithmenos
Elyvilon
Fedhas
Gozag
Hepliaklqana
Kikubaaqudgha
Makhleb
Nemelex Xobeh
Okawaru
Qazlal
Ru
Sif Muna
Trog
Uskayaw
Vehumet
Wu Jian
Xom
Yredelemnul
Zin
The Shining One
Beogh

Shops:
D:4 *   D:5 !   D:13 *   Orc:1 :   Orc:2 (([:*

Annotations:
D:2 Natasha
D:14 1 runed translucent door, Dehydapn's ghost, journeyman PaBe


Innate Abilities, Weirdness & Mutations

You are immune to sickness and miasma.
You are immune to poison.
Your flesh is very heat resistant. (rF++)
You are vulnerable to cold. (rC-)
You float through the air rather than walking.
You learn spells naturally, not from books.
Your magical power is your life essence.
You have superior vitality. (+4 HP)
[Potions cannot restore your health.]


Message History

You are confused.
The golden eye blinks!
A large abomination comes into view.
The ancient zyme closely misses you. The ancient zyme barely misses you.
A deep elf sorcerer comes into view. It is wielding a +0 dagger.
The spatial maelstrom hits you but does no damage.
The spatial maelstrom hits you. Space bends around you.
The ancient zyme closely misses you. x2
The raiju bites you but does no damage.
The salamander hits you from afar with a +0 halberd!
You are engulfed in flames.
You resist.
A spatial vortex comes into view.
A spatial vortex and a thrashing horror come into view.
The thrashing horror roars! x2
The ufetubus hits you. The ufetubus closely misses you.
The shadow imp closely misses you. The spatial maelstrom hits you.
Space bends around you. The spatial maelstrom hits you.
Space warps horribly around you!
* * * LOW HITPOINT WARNING * * *
The golden eye blinks at you. You resist with almost no effort.
The spatial maelstrom misses you.
The spatial maelstrom closely misses you.
The ancient zyme barely misses you. The ancient zyme misses you.
A spatial vortex comes into view.
The ufetubus completely misses you. The ufetubus misses you.
The ancient zyme barely misses you. x2; The raiju bites you!
* * * LOW HITPOINT WARNING * * *
The raiju shocks you!
* * * LOW HITPOINT WARNING * * *
The salamander closely misses you.
The spatial maelstrom closely misses you.
The spatial maelstrom barely misses you.
The spatial maelstrom hits you.
* * * LOW HITPOINT WARNING * * *
Space bends around you.
* * * LOW HITPOINT WARNING * * *
The spatial maelstrom hits you.
* * * LOW HITPOINT WARNING * * *
Space bends around you.
You die... .hh#3v. ..#.
X.#3.v.3x.v §... x##v3h.vxv. §#.N. ..hh.v#v*.# .X#.v vXS..## x ..Xe N4###.# XS# N#Xwv#.

#.#x#xN*w5v##
#4v5@h#
#...4Gv5v.vGX#
.#.#.v.Xx###..#
##.#..#. .
.v####v### ##
... v#. . .


You could see 2 tentacled starspawn, 3 spatial maelstroms, a wretched star, a
salamander, a deep elf sorcerer, 2 sun demons, 10 spatial vortices, 2 ancient
zymes, 2 thrashing horrors, 4 large abominations, a mana viper, a guardian
serpent, 3 raiju, a chaos spawn, 2 red devils, 3 nagas, 2 small abominations, 2
starspawn tentacles, 2 golden eyes, 2 shadow imps and an ufetubus.

Vanquished Creatures
  An orc warlord (Orc:2)
  A reaper (IceCv)
  Nessos (Lair:4)
  A minotaur (Gauntlet)
  2 entropy weavers (D:13)
  Snorg (D:11)
  Josephine (D:11)
  A fire dragon (Lair:6)
  Harold (Orc:1)
  6 hydras
  3 vault guards (D:13)
  4 boulder beetles
  2 ghost crabs (D:13)
  6 two-headed ogres
  7 centaur warriors
  4 death yaks (Lair:6)
  A death knight (D:15)
  Urug (Lair:4)
  A tengu warrior (D:11)
  3 large abominations
  A fire crab (shapeshifter) (D:14)
  A skeletal warrior (D:11)
  Sonja (Orc:2)
  6 fire crabs (D:13)
  2 sixfirhies
  A phantasmal warrior (D:15)
  A lindwurm (shapeshifter) (D:13)
  2 starcursed masses (Abyss:2)
  4 wizards
  2 necromancers (D:13)
  2 lindwurms (Lair:6)
  7 orc sorcerers
  3 oklob plants
  5 orc knights (Orc:2)
  3 deep elf pyromancers
  6 ugly things
  4 cyclopes
  9 manticores
  An apocalypse crab (D:13)
  6 black mambas
  7 elephants
  A guardian serpent (shapeshifter) (D:14)
  Maurice (D:12)
  12 cane toads
  3 torpor snails
  2 ice statues (IceCv)
  2 gargoyles
  Psyche (D:10)
  An efreet (D:11)
  6 komodo dragons
  An unseen horror (D:13)
  6 rime drakes
  2 freezing wraiths (D:15)
  14 ice devils
  4 trolls
  2 tyrant leeches (Lair:6)
  A polar bear (shapeshifter) (D:10)
  13 polar bears
  A wind drake (Lair:4)
  A raiju (Lair:6)
  7 hornets
  19 blink frogs
  3 slime creatures (D:12)
  3 dream sheep (Lair:4)
  A meliai zombie (D:11)
  3 wyverns
  7 wraiths (D:11)
  3 centaur simulacra (D:12)
  4 flying skulls (Gauntlet)
  42 yaks
  5 shadows
  6 spriggans (Lair:2)
  17 humans (D:13)
  3 basilisks
  2 steam dragons
  4 vampire mosquitoes
  6 wargs (Lair:6)
  2 acid dragons
  3 spatial vortices (Abyss:2)
  14 hell hounds (Lair:6)
  12 water moccasins
  Duvessa (D:7)
  31 orc warriors
  16 black bears
  3 ice beasts (D:12)
  5 ogres
  6 boggarts (D:14)
  A necrophage (D:5)
  29 wolves
  8 centaurs
  11 bullfrogs
  3 kobold brigands
  4 small abominations (Gauntlet)
  2 gnoll sergeants
  2 scorpions
  2 wyvern zombies (D:7)
  Dowan (D:7)
  10 killer bees
  2 water moccasin skeletons
  10 wights
  2 howler monkeys
  3 electric eels
  6 centaur zombies
  4 hounds
  3 centaur skeletons
  13 orc priests
  A gnoll shaman (D:5)
  Natasha (D:2)
  An iguana (D:6)
  15 orc wizards
  A howler monkey zombie (D:7)
  7 adders
  16 gnolls
  6 white imps
  12 ufetubi
  An adder skeleton (D:4)
  3 dart slugs
  65 orcs
  4 ball pythons
  9 endoplasms
  5 giant cockroaches
  5 goblins
  5 hobgoblins
  9 jackals
  11 kobolds
  7 quokkas
  9 bats
  6 frilled lizards
  A rat (D:2)
  A bush (Lair:6)
741 creatures vanquished.

Vanquished Creatures (collateral kills)
  3 torpor snails (Lair:6)
  A tyrant leech (Lair:6)
4 creatures vanquished.

Vanquished Creatures (others)
  A boulder beetle (D:11)
  A hydra (D:11)
  A death yak (Lair:6)
  An ugly thing (D:11)
  A komodo dragon (D:11)
  An ice devil (D:12)
  A troll (D:11)
  2 yaks (D:11)
  7 golden eyes (Abyss:3)
  2 vampire mosquitoes (D:11)
  3 orc warriors
  An ogre (Orc:2)
  2 white imps (IceCv)
  6 ufetubi (IceCv)
  An orc (D:10)
  A kobold (D:9)
  25 demonic plants (Gauntlet)
  81 fulminant prisms
  55 fungi
  54 plants
  3 starspawn tentacles (Abyss:3)
250 creatures vanquished.

Grand Total: 995 creatures vanquished

Notes
Turn   | Place    | Note
-------+----------+-------------------------------------------
     0 | D:1      | Hasart the Djinni Conjurer began the quest for the Orb.
     0 | D:1      | Reached XP level 1. HP: 15/15 MP: 0/0
   183 | D:1      | Reached XP level 2. HP: 8/21 MP: 0/0
   781 | D:1      | Reached XP level 3. HP: 23/25 MP: 0/0
   781 | D:1      | Learned a level 1 spell: Animate Skeleton
  1599 | D:2      | Reached skill level 4 in Spellcasting
  1705 | D:2      | Reached XP level 4. HP: 28/31 MP: 0/0
  1853 | D:2      | Reached skill level 1 in Shields
  1938 | D:2      | Reached XP level 5. HP: 34/35 MP: 0/0
  1938 | D:2      | Learned a level 2 spell: Poisonous Vapours
  2166 | D:2      | Noticed Natasha
  2171 | D:2      | Killed Natasha
  2398 | D:2      | Noticed Natasha
  2498 | D:3      | Found a faded altar of an unknown god.
  2699 | D:3      | Reached XP level 6. HP: 34/40 MP: 0/0
  3507 | D:4      | Reached skill level 1 in Fighting
  3529 | D:4      | Found a staircase to the Ecumenical Temple.
  3617 | Temple   | Entered the Ecumenical Temple
  3672 | Temple   | Became a worshipper of Makhleb the Destroyer
  3918 | D:4      | Found Ejousodwu's Assorted Antiques.
  4249 | D:5      | Entered Level 5 of the Dungeon
  4264 | D:5      | Reached skill level 5 in Spellcasting
  4264 | D:5      | Reached XP level 7. HP: 42/47 MP: 0/0
  4264 | D:5      | Learned a level 3 spell: Summon Guardian Golem
  5182 | D:5      | Reached XP level 8. HP: 33/55 MP: 0/0
  5201 | D:5      | Reached * piety under Makhleb
  5429 | D:5      | Found Osiemol's Distillery.
  5438 | D:5      | Bought a potion of curing for 33 gold pieces
  5438 | D:5      | Bought a potion of degeneration for 11 gold pieces
  6032 | D:6      | Reached skill level 5 in Dodging
  6032 | D:6      | Reached skill level 6 in Spellcasting
  6097 | D:6      | Found a broken altar of Ashenzari.
  6692 | D:6      | Reached XP level 9. HP: 56/62 MP: 0/0
  6692 | D:6      | Learned a level 3 spell: Swiftness
  7102 | D:7      | Noticed Duvessa
  7103 | D:7      | Noticed Dowan
  7106 | D:7      | Killed Dowan
  7109 | D:7      | Killed Duvessa
  7233 | D:7      | Reached skill level 5 in Shields
  7667 | D:7      | Reached skill level 7 in Spellcasting
  8345 | D:8      | Reached skill level 5 in Fighting
  8380 | D:8      | Noticed an elephant
  8400 | D:8      | Killed an elephant
  8401 | D:8      | Reached XP level 10. HP: 61/70 MP: 0/0
  8446 | D:8      | Reached ** piety under Makhleb
  8618 | D:8      | Found a staircase to the Lair.
  8823 | D:8      | Reached skill level 8 in Spellcasting
  9556 | D:9      | Noticed a two-headed ogre
  9567 | D:9      | Killed a two-headed ogre
  9696 | D:9      | Reached XP level 11. HP: 49/78 MP: 0/0
  9696 | D:9      | Learned a level 5 spell: Manifold Assault
 10255 | D:10     | Entered Level 10 of the Dungeon
 10348 | D:10     | Reached skill level 9 in Spellcasting
 10799 | D:10     | Reached *** piety under Makhleb
 11023 | D:10     | Noticed Psyche
 11029 | D:10     | Killed Psyche
 11030 | D:10     | Reached skill level 1 in Maces & Flails
 11612 | D:11     | Noticed Snorg
 11622 | D:11     | Killed Snorg
 12245 | D:11     | Noticed Josephine
 12262 | D:11     | Killed Josephine
 12520 | D:11     | Noticed a centaur warrior
 12524 | D:11     | Noticed a two-headed ogre
 12530 | D:11     | Reached skill level 10 in Spellcasting
 12532 | D:11     | Killed a centaur warrior
 12563 | D:11     | Killed a two-headed ogre
 12564 | D:11     | Reached XP level 12. HP: 15/85 MP: 0/0
 13126 | D:11     | Reached **** piety under Makhleb
 13433 | D:11     | Noticed a centaur warrior
 13437 | D:11     | Killed a centaur warrior
 13438 | D:11     | Reached skill level 11 in Spellcasting
 13672 | D:11     | Noticed a two-headed ogre
 13677 | D:11     | Noticed a tengu warrior
 13678 | D:11     | Killed a two-headed ogre
 13679 | D:11     | Reached skill level 5 in Maces & Flails
 13698 | D:11     | Killed a tengu warrior
 13711 | D:11     | Noticed a boulder beetle
 13935 | D:11     | Killed a boulder beetle
 13936 | D:11     | Reached XP level 13. HP: 90/90 MP: 0/0
 13936 | D:11     | Learned a level 5 spell: Fireball
 13946 | D:11     | Reached skill level 10 in Shields
 14012 | D:11     | Noticed a boulder beetle
 14032 | D:11     | Killed a boulder beetle
 14035 | D:11     | Noticed a boulder beetle
 14037 | D:11     | Noticed a seven-headed hydra
 14235 | D:11     | Killed a seven-headed hydra
 14246 | D:11     | Reached skill level 12 in Spellcasting
 14322 | D:11     | Killed a boulder beetle
 14445 | D:11     | Identified the Collected Works on Torrid Air
 14581 | D:12     | Noticed Maurice
 14591 | D:12     | Killed Maurice
 14680 | D:12     | Found a frozen archway.
 14749 | IceCv    | Entered an ice cave
 14773 | IceCv    | Reached ***** piety under Makhleb
 15505 | IceCv    | Noticed a reaper
 15537 | IceCv    | Killed a reaper
 16552 | D:12     | Reached XP level 14. HP: 89/96 MP: 0/0
 16607 | D:12     | Reached skill level 13 in Spellcasting
 16771 | D:12     | Found a staircase to the Orcish Mines.
 16831 | Orc:1    | Entered Level 1 of the Orcish Mines
 16831 | Orc:1    | Noticed Harold
 16839 | Orc:1    | Killed Harold
 16912 | Orc:1    | Found Saironn's Book Shop.
 17020 | Orc:2    | Entered Level 2 of the Orcish Mines
 17023 | Orc:2    | Noticed Sonja
 17027 | Orc:2    | Killed Sonja
 17290 | Orc:2    | Found Otept's Weapon Shoppe.
 17303 | Orc:2    | Noticed an orc warlord
 17335 | Orc:2    | Killed an orc warlord
 17547 | Orc:2    | Found Queppeud's Antique Armour Shoppe.
 17559 | Orc:2    | Bought a pair of distressingly furry gloves for 190 gold
                  | pieces
 17559 | Orc:2    | Identified the +2 pair of gloves "Vegiy" {Harm +Inv rElec
                  | Str-3} (You bought it in a shop on level 2 of the Orcish
                  | Mines)
 17576 | Orc:2    | Found Ocsax's Antique Weapon Emporium.
 17678 | Orc:2    | Bought a fine spear for 248 gold pieces
 17678 | Orc:2    | Identified the +11 spear of Yesterday {venom, rN+ Str+5}
                  | (You bought it in a shop on level 2 of the Orcish Mines)
 17744 | Orc:2    | Found a staircase to the Elven Halls.
 17827 | Orc:2    | Found Vissitt's Book Boutique.
 17896 | Orc:2    | Found Hogg's General Store.
 17904 | Orc:2    | Bought a scroll of teleportation for 39 gold pieces
 17904 | Orc:2    | Bought a scroll of blinking for 97 gold pieces
 18433 | Lair:1   | Entered Level 1 of the Lair of Beasts
 18440 | Lair:1   | Reached skill level 1 in Polearms
 18496 | Lair:1   | Reached ****** piety under Makhleb
 18668 | Lair:1   | Reached skill level 14 in Spellcasting
 19718 | Lair:2   | Reached XP level 15. HP: 101/101 MP: 0/0
 19718 | Lair:2   | Learned a level 6 spell: Death Channel
 21342 | Lair:4   | Noticed Urug
 21345 | Lair:4   | Killed Urug
 21492 | Lair:4   | Noticed Nessos
 21498 | Lair:4   | Killed Nessos
 21667 | Lair:4   | Found a staircase to the Shoals.
 21989 | Lair:4   | Found a staircase to the Snake Pit.
 22145 | Lair:5   | Found a gate leading to a gauntlet.
 22154 | Gauntlet | Entered a Gauntlet
 22154 | Gauntlet | Found a transporter.
 22154 | Gauntlet | Found a transporter.
 22154 | Gauntlet | Found a transporter.
 22155 | Gauntlet | Found a transporter.
 22158 | Gauntlet | Found a transporter.
 22159 | Gauntlet | Found a transporter.
 22175 | Gauntlet | Found a transporter.
 22177 | Gauntlet | Found a transporter.
 22187 | Gauntlet | Found a transporter.
 22299 | Gauntlet | Found a transporter.
 22303 | Gauntlet | Found a transporter.
 22318 | Gauntlet | Found a transporter.
 22650 | Gauntlet | Identified the +0 hat "Ajojoasos" {rElec rC- Stlth+}
 22655 | Gauntlet | Identified the +10 quarterstaff "Byeroar" {drain, *Noise
                  | rC+ Dex+3}
 23515 | Lair:6   | Entered Level 6 of the Lair of Beasts
 23610 | Lair:6   | Reached skill level 15 in Spellcasting
 23612 | Lair:6   | Reached skill level 5 in Polearms
 23735 | Lair:6   | Found a staircase to the Slime Pits.
 23809 | Lair:6   | Reached XP level 16. HP: 104/107 MP: 0/0
 24624 | Lair:6   | Found a runed translucent door.
 25520 | D:13     | Found Raroacokh's General Store.
 25953 | D:13     | Found a runed translucent door.
 26106 | D:13     | Reached skill level 16 in Spellcasting
 26180 | D:13     | Found a gate to the Vaults.
 26663 | D:13     | Reached XP level 17. HP: 73/112 MP: 0/0
 26663 | D:13     | Learned a level 7 spell: Ozocubu's Refrigeration
 27268 | D:14     | Found a runed translucent door.
 27268 | D:14     | Noticed Dehydapn's ghost (journeyman PaBe)
 27692 | D:15     | Entered Level 15 of the Dungeon
 27704 | D:14     | Reached skill level 15 in Shields
 27836 | D:15     | Cast into level 2 of the Abyss (orc knight)
 27836 | Abyss:2  | Found a corrupted altar of Lugonu.
 27847 | Abyss:2  | Found a corrupted altar of Lugonu.
 27909 | Abyss:2  | Identified the +0 plate armour "Raad" {Harm Slay+3}
 27961 | Abyss:2  | Noticed a dread lich
 27971 | Abyss:2  | Noticed a Tzitzimitl
 29048 | Abyss:3  | Noticed a tentacled starspawn
 29054 | Abyss:3  | Noticed a bone dragon
 29056 | Abyss:3  | Noticed a tentacled starspawn
 29057 | Abyss:3  | Noticed a bone dragon
 29059 | Abyss:3  | HP: 5/112 [spatial maelstrom (5)]
 29059 | Abyss:3  | HP: 2/112 [spatial maelstrom (3)]
 29059 | Abyss:3  | Slain by a spatial maelstrom

Illustrated notes

Levels and vault maps discovered:
D:1:      kennysheep_arrival_seaside, layout_loops_ring
D:2:      layout_rooms, grunt_decor_fettered, kennysheep_generic_room_8,
          uniq_natasha
D:3:      layout_loops_ring, ebering_ecumenical_altar_sacrificial
D:4:      layout_loops_ring, minmay_temple_entry_statues_fountains,
          serial_shops, nicolae_shop_overgrown_old_shop, chequers_arboretum,
          kennysheep_cluttered_room
D:5:      layout_loops_ring, serial_rivers, chequers_serial_rivers_room_b,
          chequers_serial_rivers_micro_a, chequers_serial_rivers_micro_e,
          chequers_serial_rivers_small_a, serial_shops, shop
D:6:      layout_basic, nicolae_ashenzari_skybound, portal_sewer_entry_f,
          hangedman_decor_opposing
D:7:      black_bear_nest_2, layout_basic, uniq_duvessa
D:8:      layout_loops_ring, david_lair_generic, minmay_misc_feat_diagonals
D:9:      layout_grid_maze
D:10:     layout_loops_corners, uniq_psyche
D:11:     minmay_the_grid_4x2 [minmay_the_grid_small_cups,
          minmay_the_grid_all_tris, minmay_the_grid_minigrid_small,
          minmay_the_grid_spin_star, minmay_the_grid_x, minmay_the_grid_gridbox,
          minmay_the_grid_tiny_cups, minmay_the_grid_prize_trominoes],
          layout_cave_pools, hellmonk_bongcloud_opening, minmay_crystal_water,
          uniq_snorg, uniq_josephine
D:12:     layout_loops_ring, minmay_orc_entry_temple_small, serial_ice,
          serial_ice_d, serial_ice_a, serial_ice_l, serial_ice_g, serial_ice_o,
          serial_ice_e, portal_ice_cave_demonic_guard, uniq_maurice
D:13:     gammafunk_mikee_crab_dinner, layout_grid_maze,
          grunt_vaults_entry_tiered, serial_shops, shop_fountains
D:14:     layout_basic, ebering_ghost_reflecting_pool, nicolae_twisting_strands
D:15:     hangedman_depths_entry_civil_slaughter, layout_cave_pools,
          serial_park_square3 [serial_park_minivault_5x5_2],
          nicolae_qazlal_eye_of_the_storm
Temple:   kilobyte_greek_temple
Lair:1:   layout_hall_layers
Lair:2:   kb_forest_paths, layout_long_grid, minivault_24,
          minmay_lair_oklob_chamber
Lair:3:   layout_cave_pods, grunt_megastairs_2
Lair:4:   layout_big_grid, minmay_shoals_entry_beasts, dummy_snake_entry,
          infiniplex_staircase_pool, uniq_urug, uniq_nessos
Lair:5:   layout_cave_pods, gauntlet_entry_generic, lemuel_fruit_tree
Lair:6:   wormcave, layout_loops_ring, hangedman_lair_caniforms_friends,
          minmay_slime_entry_oklob_enclosed
Orc:1:    layout_diamond_mine, serial_shops, nicolae_shop_crystal, basic_altar,
          uniq_harold
Orc:2:    grunt_orc_gardens, layout_caves, grunt_orc_garden, grunt_orc_garden,
          grunt_orc_garden, grunt_orc_garden, serial_shops, shop, uniq_sonja
Abyss:3:  base:
D:2

Skill      XL: |  1  2  3  4  5  6  7  8  9 10 11 12 13 14 15 16 17 |
---------------+----------------------------------------------------+-----
Spellcasting   | 4 5 6 7 8 10 11 12 14 15 16 | 16.9
Shields        | 1 2 3 4 5 7 8 9 11 12 13 14 15 | 15.0
Dodging        | 3 4 5 6 7 |  7.0
Fighting       | 1 2 3 5 6 7 |  7.0
Maces & Flails | 3 5 |  5.0
Polearms       | 2 5 |  5.0
Stealth        | |  1.5

Action                   |  1- 3 |  4- 6 |  7- 9 | 10-12 | 13-15 | 16-18 || total
-------------------------+-------+-------+-------+-------+-------+-------++-------
Melee: Unarmed           |       |     6 |       |       |       |       ||     6
       Flail             |       |    12 |       |       |       |       ||    12
       Morningstar       |       |       |    10 |    20 |    43 |       ||    73
       Spear             |       |       |       |       |    62 |    43 ||   105
 Cast: Magic Dart        |    48 |    62 |    58 |    67 |     3 |     1 ||   239
       Searing Ray       |     5 |     8 |    26 |    52 |    26 |    41 ||   158
       Poisonous Vapours |       |     7 |    24 |    19 |     2 |    23 ||    75
       Fulminant Prism   |       |     1 |     6 |    45 |    23 |     6 ||    81
       Summon Guardian G |       |       |     1 |     4 |    23 |     1 ||    29
       Manifold Assault  |       |       |       |     1 |    24 |       ||    25
       Dazzling Flash    |       |       |       |     1 |     1 |       ||     2
       Swiftness         |       |       |       |     1 |       |       ||     1
       Fireball          |       |       |       |       |   373 |   211 ||   584
       Death Channel     |       |       |       |       |     1 |     2 ||     3
       Ozocubu's Refrige |       |       |       |       |       |     8 ||     8
       Iskenderun's Myst |       |       |       |       |       |     4 ||     4
  Use: Scroll            |       |     8 |       |     6 |     4 |     4 ||    22
       Potion            |       |       |       |     2 |       |     1 ||     3
 Stab: Sleeping          |       |     1 |       |     1 |       |       ||     2
Armor: Robe              |     4 |     4 |    16 |    41 |     2 |       ||    67
       Troll leather arm |       |       |       |     8 |    45 |    57 ||   110
Dodge: Dodged            |     8 |    22 |    29 |    95 |    92 |    99 ||   345
Block: Buckler           |       |       |    18 |    96 |    95 |       ||   209
       Reflection        |       |       |       |    14 |     6 |    11 ||    31
       Kite shield       |       |       |       |       |    50 |   208 ||   258

Table legend: (Time is in decaauts)
 A = Elapsed time spent in this place.
 B = Non-inter-level travel time spent in this place.
 C = Inter-level travel time spent in this place.
 D = Time resting spent in this place.
 E = Time spent auto-exploring this place.
 F = Levels seen in this place.
 G = Mean time per level.
                   A        B        C        D        E       F      G
               +--------+--------+--------+--------+--------+-----+--------+
         Total |  29106 |  27787 |   1319 |   3939 |  18316 |  28 | 1039.5 |
       Dungeon |  18263 |  17301 |    962 |   2238 |  12352 |  15 | 1217.5 |
        Temple |     97 |     55 |     42 |      0 |     39 |   1 |   97.0 |
          Lair |   6136 |   5874 |    262 |    216 |   4637 |   6 | 1022.7 |
  Orcish Mines |   1377 |   1325 |     52 |    130 |    810 |   2 |  688.5 |
         Abyss |   1221 |   1221 |      0 |    555 |      0 |   2 |  610.5 |
      Ice Cave |   1395 |   1395 |      0 |    595 |    417 |   1 | 1395.0 |
      Gauntlet |    614 |    614 |      0 |    205 |     61 |   1 |  614.0 |
               +--------+--------+--------+--------+--------+-----+--------+

Top non-repeatable levels by time:
    D:11: 2700 daAuts
    D:10: 1749 daAuts
  Lair:6: 1599 daAuts
    D:13: 1506 daAuts
     D:5: 1478 daAuts
     D:1: 1463 daAuts
   IceCv: 1395 daAuts
     D:6: 1272 daAuts
  Lair:2: 1244 daAuts
     D:7: 1171 daAuts
    D:12: 1136 daAuts
     D:8: 1117 daAuts
   Orc:2: 1113 daAuts
     D:9: 1111 daAuts
 Abyss:3: 1077 daAuts
